 Dungeon Crawl Stone Soup version 0.31-a0-221-gbddc013574 (webtiles) character file.

Game seed: 8032743744201059278

353437 Demosthentine the Unforgettable (level 21, -1/175 HPs)
             Began as a Demonspawn Gladiator on July 4, 2023.
             Was the Champion of Hepliaklqana.
             Slain by Vv (7 damage)
             ... on level 2 of the Depths.
             The game lasted 01:12:36 (41311 turns).

Demosthentine the Unforgettable (DsGl)             Turns: 41311, Time: 01:12:37

Health: -1/175     AC: 18    Str: 22      XL:     21   Next: 33%
Magic:  36/36      EV: 25    Int:  6      God:    Hepliaklqana [******]
Gold:   163        SH:  9    Dex: 21 (22) Spells: 20/20 levels left

rFire   + + +        H - +9 demon trident (drain)
rCold   . . .        U - +3 buckler
rNeg    . . .        b - +3 ring mail
rPois   +            Q - +0 helmet "Jode" {Rampage Will++ Int-4 Slay+2}
rElec   .            (cloak unavailable)
rCorr   +            q - +0 pair of gloves
SInv    .            i - +0 pair of boots of Hadjma {Regen+ Dex+2}
Will    +++..        P - amulet of Afacow {rF++ rC+ Regen+ Slay+2 Stlth+}
Stlth   ++           B - ring "Juhu" {rPois rF+ rC- rCorr}
HPRegen 2.09/turn    L - ring of protection from cold
MPRegen 0.25/turn

%: rampage
@: frozen, hasted, studying Fighting, quick
A: reduced essence, rugged brown scales 3, demonic guardian 2, spiny 2,
bedeviling, weakness stinger 3, deterioration 1, strong 1, wild magic 1, cold
vulnerability 1, sturdy frame 1
}: 2/15 runes: decaying, serpentine
a: Renounce Religion, Recall Ancestor, Ancestor Identity, Transference, Idealise


You were on level 2 of the Depths.
You worshipped Hepliaklqana.
Hepliaklqana was exalted by your worship.
You visited 8 branches of the dungeon, and saw 36 of its levels.
You visited 1 bazaar.
You also visited: Bailey, Gauntlet, Ice Cave and Wizlab.

You collected 4131 gold pieces.
You spent 3968 gold pieces at shops.

Inventory:

Hand Weapons
 o - the +5 Lochaber axe {reach-cleave, Poleaxe Drain}
   (You took it off a deep elf elementalist on level 3 of the Elven Halls)

   Poleaxe:   It uses either Axes or Polearms skill, whichever is higher.
   Drain:     It drains your maximum health when unequipped.
 H - a +9 demon trident of draining (weapon)
Armour
 b - a +3 ring mail (worn)
 e - the +3 pair of mountain boots {steadfast, rC+}
   (You found it on level 1 of the Depths)

   Steadfast: It prevents involuntary movement, except for blinking,
   teleportation, or banishment.
   rC:        It protects you from cold.
 i - the +0 pair of boots of Hadjma (worn) {Regen+ Dex+2}
   (You acquired it on level 2 of the Swamp)

   Dex:       It affects your dexterity (+2).
   Regen:     It increases your rate of health regeneration.
 q - a +0 pair of gloves (worn)
 Q - the +0 helmet "Jode" (worn) {Rampage Will++ Int-4 Slay+2}
   (You bought it in a shop on level 4 of the Snake Pit)

   Int:       It affects your intelligence (-4).
   Slay:      It affects your accuracy & damage with ranged weapons and melee
   (+2).
   Rampage:   It bestows one free step when moving towards enemies.
   Will:      It greatly increases your willpower.
 U - a +3 buckler (worn)
Magical Staves
 c - the staff "Goblinslayer" {rElec rF+ rN+ Str+4 Air}
   (You found it on level 1 of the Depths)

   [staff of air]

   Base accuracy: +5 Base damage: 5 Base attack delay: 1.2 This weapon's minimum
   attack delay (0.6) is reached at skill level 12.
   Str:       It affects your strength (+4).
   rF:        It protects you from fire.
   rElec:     It insulates you from electricity.
   rN:        It protects you from negative energy.
   Air:       It increases the power of your Air spells.
   It falls into the 'Staves' category.
   It is a one-handed weapon.
Jewellery
 m - a ring of flight
 p - an amulet of reflection
 r - the ring of the Original Sin {rF+++ rC+ Str+6 Int-4 SInv}
   (You found it in a Gauntlet)

   [ring of protection from cold]

   Str:       It affects your strength (+6).
   Int:       It affects your intelligence (-4).
   rF:        It renders you almost immune to fire.
   rC:        It protects you from cold.
   SInv:      It lets you see invisible.
 B - the ring "Juhu" (left hand) {rPois rF+ rC- rCorr}
   (You found it in an ice cave)

   [ring of resist corrosion]

   rF:        It protects you from fire.
   rC:        It makes you vulnerable to cold.
   rPois:     It protects you from poison.
   rCorr:     It protects you from acid and corrosion.
 L - a ring of protection from cold (right hand)
 P - the amulet of Afacow (around neck) {rF++ rC+ Regen+ Slay+2 Stlth+}
   (You acquired it on level 4 of the Snake Pit)

   [amulet of regeneration]

   Slay:      It affects your accuracy & damage with ranged weapons and melee
   (+2).
   rF:        It greatly protects you from fire.
   rC:        It protects you from cold.
   Regen:     It increases your rate of health regeneration.
   Stlth:     It makes you more stealthy.
Wands
 d - a wand of mindburst (17)
 l - a wand of polymorph (10)
 y - a wand of paralysis (17)
 D - a wand of digging (16)
 F - a wand of flame (97)
 M - a wand of acid (36)
 N - a wand of roots (37)
Scrolls
 g - a scroll of silence
 k - 6 scrolls of fog
 t - 4 scrolls of fear
 z - 9 scrolls of revelation
 S - 9 scrolls of teleportation
Potions
 a - a potion of brilliance
 f - 20 potions of curing
 h - 3 potions of berserk rage
 j - 5 potions of enlightenment
 n - 12 potions of haste
 s - 2 potions of resistance
 v - 2 potions of heal wounds
 I - 2 potions of cancellation
 J - 7 potions of might
 X - 4 potions of invisibility


   Skills:
 + Level 19.5 Fighting
 + Level 17.7 Polearms
 - Level 1.7 Throwing
 - Level 11.4 Armour
 + Level 17.8 Dodging
 - Level 4.6 Shields
 + Level 22.6 Invocations


You had 20 spell levels left.
You didn't know any spells.
Your spell library contained the following spells:

 Spells                   Type           Power      Damage    Failure   Level
 Beastly Appendage        Tmut           0%         N/A       67%         1
 Freeze                   Ice            0%         1d3       67%         1
 Kiss of Death            Conj/Necr      0%         2d5       67%         1
 Necrotise                Necr           0%         1d4       67%         1
 Sandblast                Erth           0%         2d4       67%         1
 Sting                    Tmut/Pois      0%         1d3       67%         1
 Summon Small Mammal      Summ           0%         N/A       67%         1
 Cigotuvi's Dreadful Rot  Necr/Pois/Air  0%         N/A       80%         2
 Lesser Beckoning         Tloc           0%         N/A       80%         2
 Passwall                 Tmut/Erth      0%         N/A       80%         2
 Poisonous Vapours        Pois/Air       0%         N/A       80%         2
 Searing Ray              Conj           0%         2d4       80%         2
 Sublimation of Blood     Necr           0%         N/A       80%         2
 Wereblood                Tmut           0%         N/A       80%         2
 Call Canine Familiar     Summ           0%         N/A       95%         3
 Confusing Touch          Hex            0%         N/A       95%         3
 Frozen Ramparts          Ice            0%         1d1       95%         3
 Gell's Gravitas          Tloc           0%         N/A       95%         3
 Hailstorm                Conj/Ice       0%         3d3       95%         3
 Ignite Poison            Fire/Tmut/Pois 0%         N/A       95%         3
 Mephitic Cloud           Conj/Pois/Air  0%         N/A       95%         3
 Portal Projectile        Hex/Tloc       0%         N/A       95%         3
 Spider Form              Tmut/Pois      0%         N/A       95%         3
 Summon Guardian Golem    Hex/Summ       0%         N/A       95%         3
 Teleport Other           Tloc           0%         N/A       95%         3
 Vampiric Draining        Necr           0%         2d6       95%         3
 Vhi's Electric Charge    Tloc/Air       0%         N/A       95%         3
 Animate Armour           Summ/Erth      0%         N/A       100%        4
 Animate Dead             Necr           0%         N/A       100%        4
 Dispel Undead            Necr           0%         3d6       100%        4
 Fulminant Prism          Conj/Hex       0%         3d5       100%        4
 Ice Form                 Ice/Tmut       0%         N/A       100%        4
 Leda's Liquefaction      Hex/Erth       0%         N/A       100%        4
 Olgreb's Toxic Radiance  Pois           0%         N/A       100%        4
 Petrify                  Tmut/Erth      0%         N/A       100%        4
 Sticky Flame             Conj/Fire      0%         2d3       100%        4
 Summon Ice Beast         Ice/Summ       0%         N/A       100%        4
 Summon Lightning Spire   Summ/Air       0%         N/A       100%        4
 Agony                    Necr           0%         N/A       100%        5
 Arcjolt                  Conj/Air       0%         1d10      100%        5
 Blade Hands              Tmut           0%         N/A       100%        5
 Borgnjor's Vile Clutch   Necr/Erth      0%         N/A       100%        5
 Fireball                 Conj/Fire      0%         3d3       100%        5
 Freezing Cloud           Conj/Ice/Air   0%         6-21      100%        5
 Iskenderun's Battlesphe  Conj           0%         2d6       100%        5
 Lee's Rapid Deconstruct  Erth           0%         3d4*      100%        5
 Metabolic Englaciation   Hex/Ice        0%         N/A       100%        5
 Summon Forest            Summ/Tloc      0%         N/A       100%        5
 Summon Mana Viper        Hex/Summ       0%         N/A       100%        5
 Conjure Ball Lightning   Conj/Air       0%         3x3d6     100%        6
 Death Channel            Necr           0%         N/A       100%        6
 Dispersal                Tloc           0%         N/A       100%        6
 Eringya's Noxious Bog    Tmut/Pois      0%         N/A       100%        6
 Leda's Unmaking          Conj/Erth      0%         9d1       100%        6
 Plasma Beam              Fire/Air       0%         2x1d10    100%        6
 Simulacrum               Ice/Necr       0%         N/A       100%        6
 Statue Form              Tmut/Erth      0%         N/A       100%        6
 Enfeeble                 Hex            0%         N/A       100%        7
 Haunt                    Necr/Summ      0%         N/A       100%        7
 Monstrous Menagerie      Summ           0%         N/A       100%        7
 Orb of Destruction       Conj           0%         9d5       100%        7
 Spellforged Servitor     Conj/Summ      0%         N/A       100%        7
 Storm Form               Tmut/Air       0%         N/A       100%        7
 Summon Hydra             Summ           0%         N/A       100%        7
 Discord                  Hex            0%         N/A       100%        8
 Disjunction              Tloc           0%         N/A       100%        8
 Ignition                 Fire           0%         3d3       100%        8
 Lehudib's Crystal Spear  Conj/Erth      0%         10d2      100%        8
 Maxwell's Capacitive Co  Air            0%         ∞         100%        8
 Necromutation            Tmut/Necr      0%         N/A       100%        8
 Summon Horrible Things   Summ           0%         N/A       100%        8
 Fire Storm               Conj/Fire      0%         5d1       100%        9


Dungeon Overview and Level Annotations

Branches:
Dungeon (15/15)            Temple (1/1) D:4            Lair (5/5) D:9
  Swamp (4/4) Lair:3        Snake (4/4) Lair:3        Slime (0/5) Lair:4
    Orc (2/2) D:9             Elf (3/3) Orc:2        Vaults (0/5) D:13
 Depths (2/4) D:15         Bailey (visited)           IceCv (visited)
 WizLab (visited)         Gauntlet (visited)

Altars:
Ashenzari
Cheibriados
Dithmenos
Fedhas
Gozag
Hepliaklqana
Kikubaaqudgha
Makhleb
Nemelex Xobeh
Okawaru
Qazlal
Ru
Sif Muna
Trog
Uskayaw
Vehumet
Wu Jian
Xom
Yredelemnul
Jiyva

Shops:
D:4 (   D:9 :   D:12 ?:[*   Orc:1 (   Orc:2 [!*[   Elf:1 *[   Snake:1 =:=
Snake:4 *![[   Depths:1 *

Portals:
Hell: Depths:1
Pandemonium: Depths:2
Ziggurat: Depths:1

Annotations:
D:5 exclusion: oklob plant
D:11 3 runed translucent doors, puppykicker's ghost, journeyman GrEE
Depths:2 2 transporters, Vv


Innate Abilities, Weirdness & Mutations

Your life essence is reduced to manifest your ancestor. (-10% HP)
You are completely covered in rugged brown scales. (AC +3, +7% HP)
A demonic guardian rushes to your aid.
You are mostly covered in sharp spines.
Your hexes are more powerful.
You have a sharp stinger which inflicts weakening toxins.
Your body sometimes deteriorates upon taking damage.
Your muscles are strong. (Str +4, Int/Dex -1)
Your spells are a little harder to cast, but a little more powerful.
You are vulnerable to cold. (rC-)
Your movements are slightly less encumbered by armour. (ER -2)


Message History

Unknown command.
You hit Vv but do no damage.
Vv is lightly damaged.
Your hell beast closely misses Vv.
Your hell beast tramples Vv but does no damage.
Unknown command.
You puncture Vv!
Vv is moderately damaged.
The ice encasing you melts away. Vv hits you. Vv freezes you!!!
* * * LOW HITPOINT WARNING * * *
Vv closely misses you.
Unknown command.
You feel much better.
Your hell beast bites Vv but does no damage.
Your hell beast tramples Vv!
Vv holds her ground!
Vv calls freezing cold from the walls.
The frost grips you!!
* * * LOW HITPOINT WARNING * * *
You are encased in ice.
You feel much better.
Your hell beast closely misses Vv.
Your hell beast tramples Vv but does no damage.
Sunngifu hits Vv but does no damage.
Vv is struck by your spines.
Vv hits you but does no damage. x2; Sunngifu closely misses Vv.
Your hell beast closely misses Vv.
Your hell beast misses Vv.
Unknown command.
Unknown command.
Unknown command.
Unknown command.
You feel yourself speed up.
Sunngifu mumbles some strange words.
Vv resists with almost no effort.
Your hell beast completely misses Vv.
Your hell beast closely misses Vv.
Vv is struck by your spines. Vv hits you.
* * * LOW HITPOINT WARNING * * *
A demonic guardian appears!
Vv freezes you!!
* * * LOW HITPOINT WARNING * * *
Vv hits you!
* * * LOW HITPOINT WARNING * * *
You are engulfed in flames!
You resist.
You die...

##############
#...2.@9.....###
#.##..R2.###...#
##.##.....# ###.#
####..##.....# #.## ##
#..).###.....# #..### #.
#.#### #8...8# ##...####.
#.#######©#©#########.##...
#.....8#######8(...##.###..
#......©#####©..........#..


You could see the friendly Sunngifu the hexer, Vv (ally target), a friendly
cacodemon (summoned) and a friendly hell beast (summoned).

Vanquished Creatures
  Vashnia (Snake:4)
  2 doom hounds (Depths:2)
  Jorgrun (Orc:2)
  3 deep elf master archers
  2 deep elf blademasters (Elf:3)
  Grunn (Depths:2)
  A tengu reaver (Depths:2)
  Kirke (D:13)
  5 thorn hunters
  5 nagarajas
  Roxanne (Snake:2)
  2 fenstrider witches (WizLab)
  2 fire giants
  A frost giant (Depths:2)
  An iron dragon (Depths:1)
  4 deep elf sorcerers
  An orc warlord (Orc:1)
  6 deep elf elementalists (Elf:3)
  6 very ugly things
  An ophan (Depths:1)
  8 stone giants
  2 deep elf demonologists (Elf:3)
  7 eleionomae
  5 bunyips
  Azrael (D:15)
  5 deep elf annihilators
  2 dire elephants (Lair:3)
  8 spark wasps
  5 deep elf death magi
  A minotaur (Gauntlet)
  2 ettins
  3 fire dragons
  Josephine (D:10)
  5 shambling mangroves
  A vault guard (D:13)
  3 great orbs of eyes (Depths:1)
  The ghost of Pacea the Black Belt, a journeyman OpWn of Gozag (Lair:2)
  An entropy weaver (shapeshifter) (Elf:3)
  13 hydras
  2 deep elf high priests
  2 ogre magi (Orc:2)
  A salamander tyrant (Snake:3)
  A rakshasa (D:15)
  A spriggan air mage (Swamp:2)
  4 ice dragons
  A catoblepas (D:14)
  A spectral frost giant (Depths:2)
  A spriggan skeleton (Depths:2)
  9 anacondas
  2 deep troll shamans
  2 satyrs (WizLab)
  4 alligators
  6 centaur warriors
  11 two-headed ogres
  4 boulder beetles
  27 dancing weapons
  A spectral fire giant (Depths:2)
  A vampire mage (Depths:1)
  11 naga warriors
  10 death yaks
  A tengu warrior (Depths:2)
  3 deep troll earth magi
  3 spriggan berserkers
  2 orc high priests
  6 shock serpents
  Sonja (Orc:2)
  13 spriggans
  7 naga sharpshooters
  3 skysharks
  11 deep elf knights
  A spark wasp zombie (Depths:2)
  4 iron trolls (Depths:1)
  5 skeletal warriors (D:14)
  5 deep trolls
  A death drake (Gauntlet)
  4 salamander mystics
  4 bog bodies
  A flayed ghost (Depths:2)
  16 swamp dragons
  3 sea snakes (Snake:1)
  3 glowing orange brains
  3 naga ritualists (Snake:4)
  9 deep elf archers
  4 spriggan druids
  3 phantasmal warriors (Depths:2)
  26 deep elf zephyrmancers
  A lindwurm (shapeshifter) (Elf:1)
  A wizard (D:14)
  Pikel (D:6)
  26 deep elf pyromancers
  4 lindwurms
  7 mana vipers
  A necromancer (IceCv)
  3 oklob plants
  2 orc sorcerers
  21 ugly things
  4 manticores
  3 orc knights (Orc:1)
  4 fauns (WizLab)
  4 spectral centaurs (Gauntlet)
  3 cyclopes
  2 will-o-the-wisps
  19 salamanders
  3 shining eyes (Depths:1)
  A smoke demon (Gauntlet)
  Maurice (D:11)
  Joseph (Lair:1)
  An eye of devastation (Depths:1)
  A molten gargoyle (Lair:5)
  13 naga magi
  2 torpor snails (Lair:2)
  23 black mambas
  5 guardian serpents
  7 elephants
  2 ice statues (IceCv)
  6 cane toads
  A gargoyle (D:13)
  2 minotaur zombies (Gauntlet)
  Psyche (D:9)
  11 komodo dragons
  An unseen horror (D:10)
  A yaktaur (WizLab)
  6 rime drakes
  2 tengu conjurers
  6 ice devils (IceCv)
  A freezing wraith (Depths:2)
  2 anaconda simulacra (IceCv)
  8 trolls
  8 tyrant leeches
  2 sphinx simulacra (Depths:2)
  A bloated husk (Swamp:4)
  19 hornets
  7 dream sheep
  A dream sheep (shapeshifter) (Elf:1)
  20 blink frogs
  8 slime creatures
  2 flying skulls (Depths:2)
  4 dire elephant simulacra (IceCv)
  4 water elementals
  A shadow (D:12)
  6 air elementals
  6 wraiths
  4 wyverns
  4 fire elementals (D:15)
  37 yaks
  3 golden eyes (Depths:1)
  A human (shapeshifter) (D:11)
  2 hogs (D:13)
  19 vampire mosquitoes
  6 basilisks
  A steam dragon (Lair:5)
  A glowing shapeshifter zombie (Depths:2)
  8 swamp worms
  Menkaure (D:6)
  2 harpy simulacra (IceCv)
  2 hexers
  15 water moccasins
  3 wargs
  34 nagas
  2 hydra simulacra (IceCv)
  An acid dragon (D:12)
  5 hell hounds
  Duvessa (D:6)
  An ice beast (D:6)
  A floating eye (Depths:1)
  15 orc warriors
  3 swamp drakes
  3 black bears (D:9)
  A sky beast (D:6)
  24 ogres
  5 centaurs
  4 wolves (Lair:3)
  A kobold brigand (D:10)
  A gnoll sergeant (D:6)
  An earth elemental (Elf:1)
  6 bullfrogs
  A scorpion (D:9)
  7 wights
  Dowan (D:6)
  12 killer bees
  3 electric eels (Lair:3)
  5 howler monkeys
  6 lava snakes
  2 hounds
  12 orc priests
  5 jellies
  2 sleepcaps (D:5)
  A gnoll bouda (D:3)
  3 iguanas
  Natasha (thrice) (D:4)
  9 orc wizards
  2 wolf simulacra (IceCv)
  A polar bear simulacrum (IceCv)
  16 gnolls
  6 adders
  A white imp (D:6)
  A worm (D:3)
  45 orcs
  16 endoplasms
  5 giant cockroaches
  17 goblins
  7 hobgoblins
  8 jackals
  12 kobolds
  5 quokkas
  3 ball pythons
  9 bats
  4 frilled lizards
  6 rats
1122 creatures vanquished.

Vanquished Creatures (collateral kills)
  A deep elf master archer (WizLab)
  Gastronok (D:9)
  2 thorn hunters
  The ghost of Iryalus the Phalangite, an adept MfBe of Trog (Swamp:2)
  Donald (Snake:1)
  A fenstrider witch (WizLab)
  An orc warlord (Orc:1)
  2 very ugly things (Depths:1)
  A deep elf elementalist (Elf:3)
  2 deep elf annihilators (Elf:3)
  A spark wasp (Depths:2)
  A fire dragon (Lair:5)
  2 deep elf high priests (Elf:3)
  2 shambling mangroves (Swamp:3)
  A salamander tyrant (Snake:4)
  A centaur warrior (WizLab)
  4 hydras
  A rakshasa (Depths:2)
  2 boulder beetles (Lair:5)
  2 two-headed ogres
  2 naga warriors (Snake:4)
  2 dancing weapons
  A deep troll shaman (Depths:1)
  4 deep elf knights
  3 naga sharpshooters
  A spriggan berserker (Swamp:2)
  4 shock serpents
  2 skysharks
  A salamander mystic (Snake:3)
  A spark wasp zombie (Depths:2)
  A deep troll (Orc:2)
  A swamp dragon (Swamp:4)
  A naga ritualist (Snake:3)
  A wizard (Depths:1)
  4 deep elf pyromancers
  5 deep elf archers
  4 deep elf zephyrmancers
  4 ugly things
  2 cyclopes
  An orc sorcerer (Orc:1)
  A spectral ettin (Depths:2)
  2 will-o-the-wisps (Swamp:4)
  5 elephants
  3 salamanders
  2 black mambas
  5 naga magi
  2 guardian serpents (Snake:4)
  A gargoyle (D:12)
  2 torpor snails
  3 cane toads
  A freezing wraith (D:14)
  A molten gargoyle (Lair:5)
  A rime drake (Lair:4)
  A kobold demonologist (D:12)
  6 komodo dragons
  An ice devil (IceCv)
  2 trolls (Orc:2)
  6 hornets
  2 dream sheep
  5 blink frogs
  4 slime creatures
  An ettin skeleton (Depths:2)
  A hexer (Depths:2)
  2 spriggans (Swamp:2)
  3 wyverns
  2 wraiths
  5 basilisks
  15 yaks
  3 vampire mosquitoes
  2 steam dragons
  8 nagas
  A swamp worm (Swamp:1)
  3 water moccasins
  4 orc warriors
  2 ice beasts
  3 black bears
  2 swamp drakes (Swamp:4)
  2 wolves
  4 bullfrogs
  A kobold brigand (D:7)
  An earth elemental (Elf:2)
  A wight (D:6)
  A killer bee (D:10)
  3 electric eels
  3 howler monkeys
  2 lava snakes (Lair:5)
  3 orc priests
  2 sleepcaps (D:6)
  An iguana (D:9)
  4 orc wizards
  6 gnolls
  2 adders
  A naga simulacrum (IceCv)
  An ufetubus (IceCv)
  12 orcs
  An endoplasm (D:3)
  A goblin (D:2)
  A hobgoblin (D:5)
  A kobold (D:7)
242 creatures vanquished.

Vanquished Creatures (others)
  A deep elf knight (Elf:2)
  A deep elf zephyrmancer (Elf:1)
  2 deep elf pyromancers
  A bloated husk (Swamp:3)
  A naga (Snake:2)
  41 hexers
  An ancestor (D:6)
  An orc (D:9)
  19 foxfires
68 creatures vanquished.

Grand Total: 1432 creatures vanquished

Notes
Turn   | Place    | Note
-------+----------+-------------------------------------------
     0 | D:1      | Demosthentine the Demonspawn Gladiator began the quest for
                  | the Orb.
     0 | D:1      | Reached XP level 1. HP: 16/16 MP: 1/1
   129 | D:1      | Gained mutation: A weak demonic guardian rushes to your
                  | aid. [demonic ancestry]
   129 | D:1      | Reached XP level 2. HP: 22/22 MP: 2/2
   345 | D:1      | Reached skill level 1 in Armour
   404 | D:1      | Gained mutation: You are partially covered in rugged brown
                  | scales. (AC +1, +3% HP) [demonic ancestry]
   404 | D:1      | Reached XP level 3. HP: 14/28 MP: 3/3
  1222 | D:2      | Gained mutation: You are mostly covered in rugged brown
                  | scales. (AC +2, +5% HP) [demonic ancestry]
  1222 | D:2      | Reached XP level 4. HP: 28/35 MP: 4/4
  2116 | D:3      | Reached XP level 5. HP: 25/43 MP: 5/5
  2804 | D:4      | Found a staircase to the Ecumenical Temple.
  2813 | D:4      | Reached XP level 6. HP: 49/49 MP: 6/6
  2820 | Temple   | Entered the Ecumenical Temple
  2909 | Temple   | Became a worshipper of Hepliaklqana the Forgotten
  3153 | D:4      | Found Ikynol's Antique Weapon Boutique.
  3202 | D:4      | Noticed Natasha
  3216 | D:4      | Killed Natasha
  3233 | D:4      | Noticed Natasha
  3243 | D:4      | Killed Natasha
  3412 | D:4      | Noticed Natasha
  3420 | D:4      | Killed Natasha
  3507 | D:4      | Reached XP level 7. HP: 56/56 MP: 7/7
  3604 | D:5      | Entered Level 5 of the Dungeon
  3781 | D:5      | Reached * piety under Hepliaklqana
  3974 | D:5      | Found an opulent altar of Gozag.
  4387 | D:5      | Found a blossoming altar of Fedhas.
  4409 | D:5      | Noticed an oklob plant
  4501 | D:5      | Reached skill level 5 in Dodging
  4575 | D:5      | Gained mutation: You are completely covered in rugged brown
                  | scales. (AC +3, +7% HP) [demonic ancestry]
  4575 | D:5      | Reached XP level 8. HP: 52/59 MP: 8/8
  4845 | D:6      | Reached skill level 5 in Fighting
  4845 | D:6      | Reached skill level 5 in Polearms
  5490 | D:6      | Noticed Duvessa
  5490 | D:6      | Noticed Dowan
  5496 | D:6      | Killed Duvessa
  5499 | D:6      | Reached skill level 1 in Shields
  5502 | D:6      | Killed Dowan
  5591 | D:6      | Noticed Pikel
  5618 | D:6      | Killed Pikel
  5619 | D:6      | Reached skill level 5 in Armour
  5734 | D:6      | Reached XP level 9. HP: 58/66 MP: 9/9
  5791 | D:6      | Noticed Menkaure
  5795 | D:6      | Killed Menkaure
  6052 | D:6      | Found a broken altar of Ashenzari.
  6203 | D:7      | Reached ** piety under Hepliaklqana
  6204 | D:7      | Remembered your ancestor Sunngifu as a hexer
  6472 | D:7      | Got Jiugumy's Guide on Transmuted Frost
  6626 | D:7      | Gained mutation: Your muscles are strong. (Str +4, Int/Dex
                  | -1) [potion of mutation]
  6626 | D:7      | Gained mutation: Your spells are a little harder to cast,
                  | but a little more powerful. [potion of mutation]
  6626 | D:7      | Gained mutation: Your movements are slightly less
                  | encumbered by armour. (ER -2) [potion of mutation]
  7462 | D:7      | Reached skill level 1 in Invocations
  7462 | D:7      | Reached XP level 10. HP: 64/76 MP: 10/10
  7887 | D:8      | Reached skill level 2 in Invocations
  8162 | D:8      | Reached skill level 3 in Invocations
  8481 | D:9      | Found Cyeseel's Self-Improvement Boutique.
  8492 | D:9      | Found a radiant altar of Vehumet.
  8534 | D:9      | Found a bloodstained altar of Trog.
  8548 | D:9      | Reached *** piety under Hepliaklqana
  8563 | D:9      | Found a staircase to the Lair.
  8581 | D:9      | Reached skill level 4 in Invocations
  8676 | D:9      | Noticed Psyche
  8698 | D:9      | Killed Psyche
  8699 | D:9      | Reached skill level 5 in Invocations
  9008 | D:9      | Gained mutation: You are partially covered in sharp spines.
                  | [demonic ancestry]
  9008 | D:9      | Reached XP level 11. HP: 84/84 MP: 15/15
  9037 | D:9      | Reached skill level 6 in Invocations
  9283 | D:9      | Found a basalt altar of Yredelemnul.
  9353 | D:9      | Found a staircase to the Orcish Mines.
  9370 | D:9      | Noticed Gastronok
  9389 | D:9      | Killed Gastronok
  9617 | D:9      | Identified a scroll of acquirement
  9617 | D:9      | Acquired the amulet "Fimul" {Acrobat rN+ SInv}
  9677 | D:10     | Entered Level 10 of the Dungeon
  9707 | D:10     | Noticed a two-headed ogre
  9715 | D:10     | Killed a two-headed ogre
  9845 | D:10     | Reached skill level 7 in Invocations
  9928 | D:10     | Noticed a two-headed ogre
  9935 | D:10     | Killed a two-headed ogre
  9966 | D:10     | Noticed Josephine
 10086 | D:10     | Found a flagged portal.
 10259 | Bailey   | Entered a bailey
 10663 | D:10     | Killed Josephine
 10664 | D:10     | Reached skill level 8 in Invocations
 11178 | D:11     | Found a runed translucent door.
 11178 | D:11     | Noticed a +2 demon whip of draining
 11178 | D:11     | Noticed a +0 vampiric demon trident
 11179 | D:11     | Found a hide-covered altar of Uskayaw.
 11180 | D:11     | Found a runed translucent gate.
 11180 | D:11     | Noticed a +0 demon blade of pain
 11182 | D:11     | Found a runed translucent gate.
 11183 | D:11     | Found a runed translucent gate.
 11183 | D:11     | Noticed a brown ugly thing
 11183 | D:11     | Noticed a purple ugly thing
 11183 | D:11     | Noticed a green ugly thing
 11184 | D:11     | Noticed a brown ugly thing
 11184 | D:11     | Noticed a white ugly thing
 11186 | D:11     | a moth of wrath changed into a fire crab
 11186 | D:11     | Noticed a fire crab (glowing shapeshifter)
 11187 | D:11     | a fire crab changed into a lindwurm
 11187 | D:11     | Noticed a lindwurm (glowing shapeshifter)
 11188 | D:11     | a lindwurm changed into a komodo dragon
 11306 | D:11     | Reached **** piety under Hepliaklqana
 11331 | D:11     | Gained mutation: You have a small tail. [demonic ancestry]
 11331 | D:11     | Reached XP level 12. HP: 94/94 MP: 18/18
 11381 | D:11     | Noticed Maurice
 11390 | D:11     | Killed Maurice
 11729 | D:11     | Reached skill level 9 in Invocations
 11787 | D:11     | a rime drake changed into an entropy weaver
 11787 | D:11     | Noticed an entropy weaver (glowing shapeshifter)
 11795 | D:11     | an entropy weaver changed into a hog
 11832 | D:11     | Reached skill level 10 in Fighting
 12029 | D:11     | Found a runed translucent gate.
 12029 | D:11     | Found a runed translucent gate.
 12030 | D:11     | Noticed a cacodemon
 12030 | D:11     | Noticed an entropy weaver
 12032 | D:11     | Found a runed translucent gate.
 12032 | D:11     | Noticed puppykicker's ghost (journeyman GrEE)
 12125 | D:12     | Found Humudud's Magic Scroll Shop.
 12176 | D:12     | Bought a scroll of identify for 32 gold pieces
 12176 | D:12     | Bought a scroll of identify for 32 gold pieces
 12176 | D:12     | Bought a scroll of identify for 32 gold pieces
 12176 | D:12     | Bought a scroll of teleportation for 48 gold pieces
 12176 | D:12     | Bought a scroll of enchant armour for 120 gold pieces
 12176 | D:12     | Bought a scroll of identify for 32 gold pieces
 12176 | D:12     | Bought a scroll of identify for 32 gold pieces
 12176 | D:12     | Bought a scroll of enchant armour for 120 gold pieces
 12182 | D:12     | Gained mutation: A demonic guardian rushes to your aid.
                  | [demonic ancestry]
 12182 | D:12     | Reached XP level 13. HP: 100/100 MP: 20/20
 12183 | D:12     | Reached XP level 14. HP: 107/107 MP: 21/21
 12520 | D:12     | Reached skill level 10 in Invocations
 12752 | D:12     | Found Apheadin's Antique Armour Boutique.
 12844 | D:12     | Reached skill level 10 in Dodging
 12874 | D:12     | Reached skill level 10 in Polearms
 12923 | D:12     | Found a hazy altar of Hepliaklqana.
 12940 | D:12     | Found Qileh's General Store.
 13081 | D:12     | Found Byh Hyz's Book Emporium.
 13355 | D:13     | Noticed Kirke
 13382 | D:13     | Killed Kirke
 13698 | D:13     | Found a gate to the Vaults.
 14005 | D:13     | Reached ***** piety under Hepliaklqana
 14365 | D:4      | Bought a glowing trident for 188 gold pieces
 14711 | D:14     | Reached skill level 11 in Invocations
 15421 | D:15     | Entered Level 15 of the Dungeon
 15499 | D:15     | Found the amulet of Vitality {RegenMP++ Regen++}
 15609 | D:15     | Gained mutation: You have a tail ending in a sharp stinger.
                  | [demonic ancestry]
 15609 | D:15     | Reached XP level 15. HP: 55/115 MP: 23/23
 15765 | D:15     | Found a staircase to the Depths.
 15817 | D:15     | Noticed Azrael
 15844 | D:15     | Killed Azrael
 16366 | D:15     | Reached skill level 12 in Invocations
 17120 | Lair:1   | Entered Level 1 of the Lair of Beasts
 17297 | Lair:1   | Noticed Joseph
 17309 | Lair:1   | Killed Joseph
 18103 | Lair:2   | You fall into a shaft and drop 2 floors!
 18217 | Lair:4   | Reached skill level 13 in Invocations
 18417 | Lair:3   | Found a gate leading to a gauntlet.
 18426 | Gauntlet | Entered a Gauntlet
 18426 | Gauntlet | Found a transporter.
 18436 | Gauntlet | Found a transporter.
 18438 | Gauntlet | Found a transporter.
 18439 | Gauntlet | Found a transporter.
 18447 | Gauntlet | Found a transporter.
 18450 | Gauntlet | Found a transporter.
 18451 | Gauntlet | Found a transporter.
 18460 | Gauntlet | Found a transporter.
 18463 | Gauntlet | Found a transporter.
 18464 | Gauntlet | Found a transporter.
 18472 | Gauntlet | Found a transporter.
 18475 | Gauntlet | Found a transporter.
 18476 | Gauntlet | Found a transporter.
 18477 | Gauntlet | Reached ****** piety under Hepliaklqana
 18484 | Gauntlet | Found a transporter.
 18622 | Gauntlet | Paralysed by you for 3 turns
 18742 | Gauntlet | Identified the +0 morningstar of the Heavens {freeze,
                  | rCorr}
 18847 | Gauntlet | Identified the ring of the Original Sin {rF+++ rC+ Str+6
                  | Int-4 SInv}
 18870 | Gauntlet | Identified the +2 plate armour "Wilirch" {Drain Will+ rCorr
                  | Str+6}
 18884 | Gauntlet | Identified the ring "Jaonur" {rN+ Dex+4}
 19552 | Lair:2   | Found a runed translucent door.
 19566 | Lair:2   | Noticed Pacea's ghost (journeyman OpWn)
 19617 | Lair:2   | Killed Pacea's ghost
 19624 | Lair:2   | Identified the +6 arbalest of Forgiveness {penet, Fragile
                  | rC++ rN++}
 19931 | Lair:2   | Reached skill level 14 in Invocations
 20307 | Lair:3   | Reached XP level 16. HP: 79/126 MP: 26/26
 20612 | Lair:3   | Found a staircase to the Swamp.
 20935 | Lair:3   | Found a staircase to the Snake Pit.
 21129 | Lair:3   | Found a runed translucent door.
 21473 | Lair:3   | Identified the +7 long sword of Dompopn {freeze, *Slow
                  | rN+++ Int+4 SInv}
 22049 | Lair:4   | Identified the +5 kite shield "Nooxt" {Harm rF- rN+}
 22148 | Lair:4   | Found a staircase to the Slime Pits.
 22151 | Lair:4   | Found a viscous altar of Jiyva.
 22393 | Lair:5   | Entered Level 5 of the Lair of Beasts
 22452 | Lair:5   | Reached skill level 15 in Invocations
 22918 | Lair:5   | Found a large runed translucent door.
 22919 | Lair:5   | Found a large runed translucent door.
 23852 | Lair:5   | Got Goc Bitt's Spellbook of Haze and the Flock
 24509 | Orc:1    | Entered Level 1 of the Orcish Mines
 24551 | Orc:1    | Found Xud Mianli's Firing Range.
 24615 | Orc:1    | Bought a throwing net for 45 gold pieces
 24618 | Orc:1    | Found a transporter.
 24620 | Orc:1    | Found a transporter.
 24796 | Orc:1    | Identified the scarf of Light {shadows, rElec Regen+ rCorr
                  | Int-2}
 24881 | Orc:2    | Entered Level 2 of the Orcish Mines
 24923 | Orc:2    | Noticed Sonja
 24924 | Orc:2    | Found a radiant altar of Vehumet.
 24925 | Orc:2    | Found a staircase to the Elven Halls.
 24935 | Orc:2    | Killed Sonja
 24960 | Orc:2    | Noticed Jorgrun
 24975 | Orc:2    | Killed Jorgrun
 25036 | Orc:2    | Reached skill level 16 in Invocations
 25098 | Orc:2    | Found Zefoih's Distillery.
 25141 | Orc:2    | Gained mutation: Your hexes are more powerful. [demonic
                  | ancestry]
 25141 | Orc:2    | Reached XP level 17. HP: 113/135 MP: 29/29
 25212 | Orc:2    | Found Qejeyfimp's Antique Armour Boutique.
 25213 | Orc:2    | Found Rumat's Assorted Antiques.
 25221 | Orc:2    | Bought a potion of curing for 39 gold pieces
 25221 | Orc:2    | Bought a potion of haste for 130 gold pieces
 25221 | Orc:2    | Bought a potion of mutation for 104 gold pieces
 25221 | Orc:2    | Bought 2 potions of berserk rage for 130 gold pieces
 25221 | Orc:2    | Bought a potion of resistance for 130 gold pieces
 25297 | Orc:2    | Found Ellicw's Antique Armour Shop.
 25300 | Orc:2    | Bought a scroll of blinking for 210 gold pieces
 25300 | Orc:2    | Bought a potion of heal wounds for 140 gold pieces
 25332 | Orc:2    | Found a frozen archway.
 25342 | IceCv    | Entered an ice cave
 25663 | IceCv    | Identified the ring "Juhu" {rPois rF+ rC- rCorr}
 26313 | Snake:1  | Entered Level 1 of the Snake Pit
 26361 | Snake:1  | Noticed Donald
 26372 | Snake:1  | Killed Donald
 26649 | Snake:1  | Got the Spellbook of the Entourage and Maleficia
 26800 | Snake:1  | Reached skill level 17 in Invocations
 26840 | Snake:1  | Found Icaffar's Jewellery Shoppe.
 26840 | Snake:1  | Found Ciym's Book Shop.
 26841 | Snake:1  | Found Ateathrak's Jewellery Shoppe.
 26974 | Snake:1  | Reached skill level 15 in Fighting
 27213 | Snake:2  | Identified Roxanne's Commentary on Orogeny
 27213 | Snake:2  | Noticed Roxanne
 27246 | Snake:2  | Killed Roxanne
 28713 | Snake:4  | Entered Level 4 of the Snake Pit
 29074 | Snake:4  | Gained mutation: You are mostly covered in sharp spines.
                  | [demonic ancestry]
 29074 | Snake:4  | Reached XP level 18. HP: 132/145 MP: 30/30
 29113 | Snake:4  | Found Qotenun's Antique Armour Shop.
 29117 | Snake:4  | Found Ygrahop's Distillery.
 29117 | Snake:4  | Found Syirchuet's Armour Shop.
 29119 | Snake:4  | Found Mempit's Assorted Antiques.
 29133 | Snake:4  | Reached skill level 18 in Invocations
 29150 | Snake:4  | Bought a scroll of teleportation for 93 gold pieces
 29154 | Snake:4  | Bought a potion of haste for 170 gold pieces
 29154 | Snake:4  | Bought a potion of heal wounds for 85 gold pieces
 29154 | Snake:4  | Bought a potion of curing for 51 gold pieces
 29154 | Snake:4  | Bought a potion of curing for 51 gold pieces
 29154 | Snake:4  | Bought a potion of heal wounds for 85 gold pieces
 29481 | Snake:4  | Noticed Vashnia
 29568 | Snake:4  | Killed Vashnia
 29618 | Snake:4  | Reached skill level 15 in Dodging
 29650 | Snake:4  | Got a serpentine rune of Zot
 30078 | Snake:4  | Bought a crude helmet for 342 gold pieces
 30078 | Snake:4  | Identified the +0 helmet "Jode" {Rampage Will++ Int-4
                  | Slay+2} (You bought it in a shop on level 4 of the Snake
                  | Pit)
 30222 | Lair:1   | Acquired the amulet of Afacow {rF++ rC+ Regen+ Slay+2
                  | Stlth+}
 30321 | Swamp:1  | Entered Level 1 of the Swamp
 30354 | Swamp:1  | Identified the +10 dagger of Nolo Contendere {pain, rF+
                  | rCorr Str+4 Stlth-}
 30542 | Swamp:1  | Reached skill level 15 in Polearms
 31149 | Swamp:2  | Noticed Iryalus's ghost (adept MfBe)
 31152 | Swamp:2  | Found a runed translucent door.
 31598 | Swamp:2  | Killed Iryalus's ghost
 31599 | Swamp:2  | Reached skill level 19 in Invocations
 31654 | Swamp:2  | Acquired the +0 pair of boots of Hadjma {Regen+ Dex+2}
 32703 | Swamp:4  | Entered Level 4 of the Swamp
 32845 | Swamp:4  | Reached XP level 19. HP: 154/154 MP: 32/32
 33233 | Swamp:4  | Got a decaying rune of Zot
 33743 | Elf:1    | Entered Level 1 of the Elven Halls
 33810 | Elf:1    | You fall into a shaft and drop 1 floor!
 33829 | Elf:2    | Reached skill level 20 in Invocations
 34066 | Elf:2    | Paralysed by an air elemental for 1 turns
 34073 | Elf:2    | Paralysed by an air elemental for 1 turns
 34496 | Elf:1    | Found Liehez's Armour Emporium.
 34500 | Elf:1    | Found Toqa's Assorted Antiques.
 34516 | Elf:1    | Bought a scroll of teleportation for 87 gold pieces
 34516 | Elf:1    | Bought a scroll of blinking for 217 gold pieces
 34516 | Elf:1    | Bought a potion of might for 116 gold pieces
 34770 | Elf:1    | Paralysed by an air elemental for 1 turns
 34996 | Elf:1    | Identified the +1 whip of Jaddal {flame, Int+3 Dex-3 SInv}
 35446 | Elf:2    | Found a huge runed translucent gate.
 35446 | Elf:2    | Found a huge runed translucent gate.
 35446 | Elf:2    | Found a huge runed translucent gate.
 35446 | Elf:2    | Found a huge runed translucent gate.
 35446 | Elf:2    | Found a huge runed translucent gate.
 36078 | Elf:3    | Entered Level 3 of the Elven Halls
 36133 | Elf:3    | Gained mutation: You have a sharp stinger which inflicts
                  | weakening toxins. [demonic ancestry]
 36133 | Elf:3    | Reached XP level 20. HP: 164/164 MP: 34/34
 36414 | Elf:3    | Reached skill level 21 in Invocations
 36933 | Elf:3    | Identified the staff of Execution {rF+ rC+ rCorr Stlth+
                  | Fire}
 37172 | Elf:3    | Paralysed by an air elemental for 1 turns
 37395 | Elf:3    | Got the Cyclopedia of the Caves
 37415 | Elf:3    | Identified the +2 plate armour of Vorhin {Rampage Dex+2}
 37419 | Elf:3    | Got Sif Muna's Compilation of Death and the Entourage
 37424 | Elf:3    | Got the Volume of Blasted Illusion
 37430 | Elf:3    | Got the Dissertation on Voltaic Battling
 37432 | Elf:3    | Got Sif Muna's Handbook of the Fiery Fair Folk
 37955 | Depths:1 | Entered Level 1 of the Depths
 38015 | Depths:1 | Found a one-way gateway to a ziggurat.
 38046 | Depths:1 | Found Kudwesm's Assorted Antiques.
 38784 | Snake:4  | Bought a +3 ring mail for 399 gold pieces
 39380 | Depths:1 | Found a gateway to Hell.
 39785 | Depths:1 | Found the +3 pair of mountain boots {steadfast, rC+}
 39832 | Depths:1 | Gained mutation: Your body sometimes deteriorates upon
                  | taking damage. [a shining eye]
 39835 | Depths:1 | Paralysed by a floating eye for 3 turns
 39839 | Depths:1 | Gained mutation: You are vulnerable to cold. (rC-) [a
                  | shining eye]
 39855 | Depths:1 | Identified the staff "Goblinslayer" {rElec rF+ rN+ Str+4
                  | Air}
 39895 | Depths:1 | Paralysed by a floating eye for 2 turns
 39940 | Depths:2 | Found a flickering gateway to a bazaar.
 39951 | Depths:2 | Reached skill level 22 in Invocations
 39995 | Bazaar   | Entered a bazaar
 40006 | Bazaar   | Found Pucwoynn's Magic Scroll Shop.
 40035 | Bazaar   | Found Killaot's Magic Scroll Shop.
 40047 | Bazaar   | Found Hiplis's Distillery.
 40067 | Bazaar   | Found Bezalonn's Distillery.
 40119 | Bazaar   | Bought a scroll of acquirement for 468 gold pieces
 40123 | Bazaar   | Acquired a manual of Fighting
 40143 | Bazaar   | Bought a potion of haste for 160 gold pieces
 40143 | Bazaar   | Bought a potion of heal wounds for 80 gold pieces
 40171 | Depths:2 | Found a magical portal.
 40190 | WizLab   | Entered Eringya's Formal Garden
 40283 | WizLab   | Got the Tome of Putrid Calling
 40350 | WizLab   | Reached XP level 21. HP: 153/173 MP: 36/36
 40420 | WizLab   | HP: 7/174 [deep elf master archer/arrow (41)]
 40421 | WizLab   | HP: 3/174 [poison]
 40505 | WizLab   | Found a blossoming altar of Fedhas.
 40797 | Depths:2 | Found a one-way gate leading to the halls of Pandemonium.
 40905 | Depths:2 | Noticed Grunn
 40937 | Depths:2 | Killed Grunn
 41266 | Depths:2 | Noticed Vv
 41275 | Depths:2 | Found a transporter.
 41284 | Depths:2 | Found a transporter.
 41302 | Depths:2 | Found a transporter.
 41311 | Depths:2 | HP: 6/175 [Vv (15)]
 41311 | Depths:2 | Slain by Vv

Illustrated notes

Levels and vault maps discovered:
D:1:      wander_arrival_peaceful_grave, layout_basic
D:2:      minmay_general_purpose_star, layout_basic, st_stairs_3
D:3:      layout_loops_corners
D:4:      layout_loops_cross, minmay_temple_entry_grid, serial_shops,
          nicolae_shop_overgrown_old_shop, minmay_ogre_servants, uniq_natasha
D:5:      layout_loops_cross, nicolae_gozag_seed_capital, tgw_fedhas,
          sigmund_army
D:6:      layout_gridville, mainiacjoe_overflow_boulevard, uniq_pikel,
          uniq_menkaure, uniq_duvessa
D:7:      layout_basic
D:8:      layout_rooms
D:9:      layout_big_octagon, mainiacjoe_overflow_alcove_4, fiery_altar_vehumet,
          mainiacjoe_overflow_paths, minmay_lair_entry_grove, david_orc_3,
          serial_glass, glass_columns_c, glass_columns_c,
          nicolae_shop_self_help, uniq_gastronok, uniq_psyche
D:10:     layout_roguey, enter_bailey_8, kennysheep_another_room,
          blue_anna_alchemist, uniq_josephine
D:11:     layout_gridville, ploomutoo_gammafunk_ghost_potion_laboratory,
          nicolae_danse_macabre, uniq_maurice
D:12:     layout_basic, serial_shops, nicolae_shop_stone, shop, shop,
          kennysheep_mini, nzn_hepliaklqana_mist_gate
D:13:     layout_long_grid, david_vaults_5, uniq_kirke
D:14:     layout_small_grid
D:15:     grunt_enter_depths_hoard, layout_loops_cross, serial_co_window_serial,
          co_window_paths_b, co_window_paths_b, co_window_corner_a,
          co_window_paths_b, co_window_of_opportunity_a, co_window_corner_b,
          co_window_corner_ca, co_window_unsneaky_path_d,
          co_window_of_opportunity_b, co_window_broadway_b, co_window_2corner,
          co_window_corner_cb, glass_columns_a, glass_columns_b,
          glass_columns_a, uniq_azrael
Temple:   lightli_temple_of_artemis
Lair:1:   layout_cellular_growth, grunt_megastairs_2, uniq_joseph
Lair:2:   layout_regular_city, gammafunk_ghost_grave, serial_bayou_shore_a,
          grunt_megastairs_3
Lair:3:   gammafunk_lair_enchanted_lake, layout_chaotic_city,
          minmay_swamp_entry_eels, nicolae_snake_entry_warm_welcome,
          gauntlet_entry_generic
Lair:4:   layout_regular_city, nicolae_slime_entry_slimehenge,
          beast_lair_carwin_6, grunt_megastairs_1
Lair:5:   cheibrodos_lair_end_hotspot, layout_small_grid, st_stairs_7,
          evilmike_ambush [evilmike_ambush_outer_corners,
          evilmike_ambush_inner_basic]
Swamp:1:  layout_falls_marsh, evilmike_swamp_ruin_house_4
Swamp:2:  layout_falls_marsh, hellmonk_ghost_happy_afterlife,
          hangedman_swamp_ruin_wall
Swamp:3:  nicolae_swamp_phyte_club, layout_falls_marsh, serial_swamp_ruin,
          evilmike_swamp_ruin_house_3, evilmike_swamp_ruin_house_1, swamp_pool1,
          infiniplex_staircase_pool
Swamp:4:  swamp_alternative, layout_basic_swamp
Snake:1:  layout_misc_corridors, serial_bayou_ford_a, minmay_shop_grove,
          uniq_donald
Snake:2:  layout_grid_maze, uniq_roxanne
Snake:3:  layout_grid_maze
Snake:4:  johnstein_snake_rune_scales, layout_cave_town,
          minmay_shop_grid_forest, nicolae_snake_gridmaze_zigzag
Orc:1:    gammafunk_beogh_shrine, layout_caves, basic_altar,
          nicolae_shop_firing_range
Orc:2:    st_orc_open, layout_caves, basic_altar,
          portal_ice_cave_entry_pillars_1, uniq_sonja, uniq_jorgrun
Elf:1:    elf_arrival_002, layout_gridlike, hangedman_elf_represent,
          minmay_shop_star
Elf:2:    elven_hall_of_blades_hangedman_alternative [nicolae_blade_bullseye],
          layout_rooms, minivault_23, palyth_stone_intersect, drop_trap
Elf:3:    elf_hall, layout_geoelf_octagon
Depths:1: layout_gridlike, enter_ziggurat_d, serial_shops,
          nicolae_shop_pleasant_corner_grove, grunt_hell_entry_dis_grunt,
          hangedman_eye_storm
Depths:2: lemuel_vampire_tower, layout_cave_pools, serial_shops,
          bzr_entry_lakeside, corexii_leaking_fountain, lightli_too_deep,
          pan_entry, mu_enter_wizlab_4, grunt_ministairs_13,
          nicolae_transporter_intersection, uniq_enchantress, uniq_vv,
          uniq_grunn

Skill      XL: |  1  2  3  4  5  6  7  8  9 10 11 12 13 14 15 16 17 18 19 20 21 |
---------------+----------------------------------------------------------------+-----
Dodging        | 3 4 5 6 7 9 10 12 13 14 15 16 17 | 17.8
Armour         | 1 2 3 4 5 6 9 11 | 11.4
Polearms       | 3 4 5 6 7 9 10 12 13 14 15 16 17 | 17.7
Fighting       | 3 4 6 7 8 9 10 11 13 14 15 16 17 18 19 | 19.5
Shields        | 2 4 |  4.6
Invocations    | 1 5 8 9 11 14 16 17 19 20 22 | 22.6
Throwing       | |  1.7

Action                     |  1- 3 |  4- 6 |  7- 9 | 10-12 | 13-15 | 16-18 | 19-21 || total
---------------------------+-------+-------+-------+-------+-------+-------+-------++-------
  Melee: Trident           |   126 |   209 |   272 |   480 |   851 |   436 |       ||  2374
         Punch             |       |     2 |     6 |     1 |       |       |       ||     9
         Tailslap          |       |       |       |    15 |   154 |   274 |   198 ||   641
         Demon trident     |       |       |       |       |       |  1343 |  1213 ||  2556
  Throw: Throwing net      |       |     1 |     5 |     2 |     3 |     1 |       ||    12
 Invoke: Recall Ancestor   |       |       |     1 |     3 |     2 |     2 |     1 ||     9
         Ancestor Life: He |       |       |     1 |       |       |       |       ||     1
  Evoke: Wand              |       |       |       |       |     1 |       |     1 ||     2
    Use: Scroll            |     5 |     5 |     3 |    12 |     4 |    17 |    14 ||    60
         Potion            |       |       |     6 |     4 |     4 |     9 |    17 ||    40
   Stab: Sleeping          |     4 |     2 |     4 |    10 |     4 |     7 |     4 ||    35
         Distracted        |       |       |     2 |     8 |     9 |    26 |    18 ||    63
         Confused          |       |       |     2 |     9 |    13 |    40 |    43 ||   107
         Paralysed         |       |       |       |       |    85 |    91 |    64 ||   240
         Held in net/web   |       |       |       |       |     1 |       |       ||     1
 Armour: Leather armour    |    44 |    40 |    71 |    61 |       |       |       ||   216
         Skin              |       |       |       |    53 |       |       |       ||    53
         Ring mail         |       |       |       |       |   133 |   166 |   147 ||   446
  Dodge: Dodged            |    69 |    89 |   238 |   250 |   396 |   728 |   474 ||  2244
         Repelled          |       |       |       |     1 |     7 |    59 |    21 ||    88
  Block: Buckler           |       |       |       |   115 |   165 |   292 |   239 ||   811

Table legend: (Time is in decaauts)
 A = Elapsed time spent in this place.
 B = Non-inter-level travel time spent in this place.
 C = Inter-level travel time spent in this place.
 D = Time resting spent in this place.
 E = Time spent auto-exploring this place.
 F = Levels seen in this place.
 G = Mean time per level.
                   A        B        C        D        E       F      G
               +--------+--------+--------+--------+--------+-----+--------+
         Total |  40448 |  36294 |   4154 |   1596 |  25936 |  41 |  986.5 |
       Dungeon |  17606 |  15428 |   2178 |    998 |  11335 |  15 | 1173.7 |
        Temple |    110 |    110 |      0 |      0 |     80 |   1 |  110.0 |
          Lair |   6924 |   6156 |    768 |     69 |   4573 |   5 | 1384.8 |
         Swamp |   3306 |   3102 |    204 |     50 |   2358 |   4 |  826.5 |
     Snake Pit |   3744 |   3449 |    295 |      0 |   2662 |   4 |  936.0 |
  Orcish Mines |   1393 |   1171 |    222 |      0 |    792 |   2 |  696.5 |
   Elven Halls |   3918 |   3524 |    394 |    427 |   2223 |   3 | 1306.0 |
        Depths |   1516 |   1426 |     90 |      0 |    866 |   2 |  758.0 |
        Bazaar |    159 |    159 |      0 |      0 |      0 |   1 |  159.0 |
        Bailey |    358 |    358 |      0 |      0 |    230 |   1 |  358.0 |
      Ice Cave |    340 |    340 |      0 |      0 |    188 |   1 |  340.0 |
        Wizlab |    557 |    557 |      0 |      0 |    382 |   1 |  557.0 |
      Gauntlet |    510 |    510 |      0 |     51 |    245 |   1 |  510.0 |
               +--------+--------+--------+--------+--------+-----+--------+

Top non-repeatable levels by time:
    D:15: 1704 daAuts
  Lair:3: 1622 daAuts
   Elf:3: 1580 daAuts
    D:11: 1551 daAuts
     D:7: 1545 daAuts
  Lair:5: 1508 daAuts
     D:5: 1491 daAuts
     D:9: 1412 daAuts
 Snake:4: 1397 daAuts
  Lair:2: 1388 daAuts
  Lair:1: 1311 daAuts
   Elf:2: 1246 daAuts
     D:6: 1185 daAuts
    D:10: 1164 daAuts
    D:12: 1138 daAuts
